 Dungeon Crawl Stone Soup version 0.24.0-125-gc4c63601f3 (webtiles) character file.

Game seed: 1254538779450408598, levelgen mode: deterministic

86 Lemonice the Insei (level 4, -2/30 HPs)
             Began as an Octopode Transmuter on Feb 25, 2020.
             Killed from afar by Sigmund (11 damage)
             ... with a magic dart
             ... on level 2 of the Dungeon.
             The game lasted 00:05:33 (1407 turns).

Lemonice the Insei (Octopode Transmuter)            Turns: 1407, Time: 00:05:34

Health: -2/30      AC:  1    Str:  9    XL:     4   Next: 50%
Magic:  2/7        EV: 14    Int: 16    God:
Gold:   93         SH:  0    Dex: 12    Spells: 3/7 levels left

rFire    . . .     SeeInvis .     - Unarmed
rCold    . . .     Gourm    .   (no shield)
rNeg     . . .     Faith    .   (helmet restricted)
rPois    .         Spirit   .   (no amulet)
rElec    .         Reflect  .   f - ring of wizardry
rCorr    .         Harm     .   (no ring)
MR       .....                  (no ring)
Stlth    ++........             (no ring)
HPRegen  0.10/turn              (no ring)
MPRegen  0.10/turn              (no ring)
                                (no ring)
                                (no ring)

@: very slightly contaminated
A: almost no armour, stealthy swim, amphibious, 8 rings, constrict 8, camouflage
1, gelatinous body 1
a: no special abilities


You were on level 2 of the Dungeon.
You were hungry.

You visited 1 branch of the dungeon, and saw 2 of its levels.

You collected 93 gold pieces.

Inventory:

Missiles
 a - 12 arrows
Jewellery
 f - a ring of wizardry (left tentacle)
Scrolls
 e - a scroll of remove curse {unknown}
 g - a scroll of fog {unknown}
 h - 2 scrolls of teleportation {unknown}
 i - a scroll of identify {unknown}
 j - a scroll of amnesia {unknown}
 l - a scroll of random uselessness {unknown}
Potions
 b - a potion of haste {unknown}
 d - a potion of invisibility {unknown}
 k - a potion of heal wounds {unknown}
Comestibles
 c - 4 rations


   Skills:
 + Level 2.5 Fighting
 + Level 3.0 Dodging
 + Level 3.8 Unarmed Combat
 - Level 2.0 Spellcasting
 - Level 2.0 Transmutations


You had 3 spell levels left.
You knew the following spells:

 Your Spells              Type           Power        Failure   Level  Hunger
a - Beastly Appendage     Tmut           #.....       3%          1    #......
b - Spider Form           Tmut/Pois      #.........   16%         3    ###....

Your spell library contained the following spells:

 Spells                   Type           Power        Failure   Level  Hunger
 Sticks to Snakes         Tmut           #.......     6%          2    ###....
 Ice Form                 Ice/Tmut       #.......     45%         4    #####..
 Blade Hands              Tmut           #.........   65%         5    ######.


Dungeon Overview and Level Annotations

Branches:
Dungeon (2/15)

Altars:
Fedhas
Qazlal

Annotations:
D:2 Sigmund


Innate Abilities, Weirdness & Mutations

You cannot wear most types of armour.
You are very stealthy in the water. (Stealth+)
You are amphibious.
You can wear up to eight rings at the same time.
You can use your tentacles to constrict eight enemies at once.
Your skin changes colour to match your surroundings (Stealth+).
Your rubbery body absorbs attacks. (AC +1, EV +1)


Message History

You miscast Spider Form.
You are very lightly contaminated with residual magic.
You feel weak for a moment.
Casting: Spider Form (safe; 16% risk of failure)
Confirm with . or Enter, or press ? or * to list all spells.
You turn into a venomous arachnid creature.
Something barely misses you.
The kobold falls through a shaft!
The shaft crumbles and collapses.
There is a shaft here.
Your transformation is almost over.
Something misses you. Something hits you!
A puff of flame appears from out of thin air!
The puff of flame hits you!
* * * LOW HITPOINT WARNING * * *
You are feeling hungry.
Your transformation has ended.
A magic dart appears from out of thin air!
The magic dart hits you!
You die...

#####.###.......##.........#
..."...##.......############
#####..##.......#
)<.(...##.......#
#..###.##.......#
...##...#######.#
.......#≈≈## #.#
.PPPP..≈##≈####.####
.P_....._§§##...@..#
PPPPP.†#§§§##......#
...P....§§###..^...#
####..##..# #......#
.....####.# #{.....# ######
#.###......# # #..........#
##########!.......##
#......# #........#


There were no monsters in sight!

Vanquished Creatures
  Robin (D:2)
  An adder (D:2)
  An ooze (D:1)
  A worm (D:2)
  A dart slug (D:1)
  3 leopard geckos
  8 bats
  10 goblins
  9 hobgoblins
  6 jackals
  2 kobolds (D:1)
  5 rats (D:1)
48 creatures vanquished.

Notes
Turn   | Place    | Note
-------+----------+-------------------------------------------
     0 | D:1      | Lemonice the Octopode Transmuter began the quest for the
                  | Orb.
     0 | D:1      | Reached XP level 1. HP: 13/13 MP: 3/3
    54 | D:1      | Reached XP level 2. HP: 15/18 MP: 3/5
   254 | D:1      | Reached XP level 3. HP: 24/24 MP: 4/6
   940 | D:2      | Learned a level 3 spell: Spider Form
  1028 | D:2      | Noticed Robin
  1056 | D:2      | Killed Robin
  1056 | D:2      | Reached XP level 4. HP: 18/29 MP: 2/7
  1351 | D:2      | Found a blossoming altar of Fedhas.
  1356 | D:2      | Found a stormy altar of Qazlal.
  1374 | D:2      | Noticed Terence
  1374 | D:2      | Noticed Sigmund
  1407 | D:2      | Killed from afar by Sigmund

Levels and vault maps discovered:
D:1:      psy_arrival_conway, layout_basic
D:2:      layout_basic, grunt_temple_overflow_forces_of_nature, minitemple,
          uniq_robin, uniq_terence, uniq_sigmund

Skill      XL: |  1  2  3  4 |
---------------+-------------+-----
Fighting       | 2 |  2.5
Dodging        | 3 |  3.0
Unarmed Combat | |  3.8
Spellcasting   | |  2.0
Transmutations | |  2.0

Action                   |  1- 3 |  4- 6 || total
-------------------------+-------+-------++-------
Melee: Unarmed           |    78 |    17 ||    95
       Constrict         |    19 |     3 ||    22
       Kick              |     7 |       ||     7
       Tentacles         |     7 |     4 ||    11
       Punch             |     1 |     1 ||     2
 Cast: Beastly Appendage |    16 |     2 ||    18
       Spider Form       |     2 |     2 ||     4
 Stab: Sleeping          |     8 |     1 ||     9
  Eat: Chunk             |     1 |     1 ||     2
Armor: Skin              |    10 |     1 ||    11
Dodge: Dodged            |    55 |    12 ||    67
